cohdb
Replays
Latest Replays
All Replays
Popular Replays
Top Player Replays
Match Explorer
How It Works
Community
CoH3 Stats
Reddit
Sign in to upload your games and track your stats! →
Sign in with Steam
Match 42643243
Unlisted
Match 42643243
Overview
Messages
Build Orders
End
Pioneer Squad
Selects Italian Coastal Battlegroup
Selects Coastal Reserves
Coastal Reserve
Coastal Reserve
Medical Bunker
Construct Infanterie Kompanie
Selects Artillery Officer
Artillery Officer
Infanterie Officer Quarters
Construct Panzergrenadier Kompanie
MG 42 Bunker
Support Elements
Selects Support Bunkers
Nebelwerfer 42 Rocket Launcher Team
StuG III G Assault Gun
Selects Rapid Fortifications
Rapid Fortifications
Anti-tank Bunker
Rapid Fortifications
Anti-tank Bunker
Artillery Officer
StuG III G Assault Gun
StuG III G Assault Gun
Selects Obice da 210/22 Artillery Emplacement
Rapid Fortifications
MG 42 Bunker
Pioneer Squad
Selects Bulwark
Rapid Fortifications
Repair Bunker
Rapid Fortifications
Anti-tank Bunker
StuG III G Assault Gun
Rapid Fortifications
Medical Bunker
Panzergrenadier Squad
Reiper
CommieRed
Thank You Chef
ggman
DOLPHSTALLONE
TYI
friskydingo 101
LEOPARD1492
0
0
Comments
sign in to comment!
No comments posted yet!